 Dungeon Crawl Stone Soup version 0.21.1-1-g345015fe64 (webtiles) character file.

25 Kohma the Grave Robber (level 2, -1/19 HPs)
             Began as a Mummy Necromancer on June 8, 2018.
             Slain by an adder (4 damage)
             ... on level 2 of the Dungeon.
             The game lasted 00:04:56 (1530 turns).

Kohma the Grave Robber (Mummy Necromancer)          Turns: 1530, Time: 00:04:57

Health: -1/19      AC:  2    Str: 11    XL:     2   Next: 82%
Magic:  2/6        EV: 12    Int: 14    God:
Gold:   73         SH:  0    Dex: 12    Spells: 5/7 levels left

rFire    x . .     SeeInvis .   d - +0 dagger
rCold    + . .     Gourm    .   (no shield)
rNeg     + + +     Faith    .   a - +0 robe
rPois    ∞         Spirit   .   (no helmet)
rElec    .         Reflect  .   (no cloak)
rCorr    .         Harm     .   (no gloves)
MR       .....                  (no boots)
Stlth    ++........             (no amulet)
HPRegen  0.06/turn              (no ring)
MPRegen  0.10/turn              (no ring)

@: no status effects
A: no food or potions, fire vulnerability, cold resistance 1, negative energy
resistance 3, torment resistance, unbreathing
a: no special abilities


You were on level 2 of the Dungeon.
You were not hungry.

You visited 1 branch of the dungeon, and saw 2 of its levels.

You collected 73 gold pieces.

Inventory:

Hand Weapons
 d - a +0 dagger (weapon)
Missiles
 c - 65 stones (quivered)
Armour
 a - a +0 robe (worn)
Scrolls
 e - a scroll of enchant armour {unknown}
 f - a scroll of teleportation {unknown}
 g - 3 scrolls of fog {unknown}
 h - a scroll of immolation {unknown}
 i - a scroll of identify {unknown}
Books
 b - a book of Necromancy

   Spells                             Type                      Level
   a - Pain                           Necromancy                   1
   b - Animate Skeleton               Necromancy                   1
   c - Vampiric Draining              Necromancy                   3
   d - Regeneration                   Charms/Necromancy            3
   e - Animate Dead                   Necromancy                   4
   f - Borgnjor's Vile Clutch         Necromancy/Earth             5


   Skills:
 * Level 1.9 Dodging
 + Level 2.0 Stealth
 + Level 3.1 Spellcasting
 * Level 4.2 Necromancy


You had 5 spell levels left.
You knew the following spells:

 Your Spells              Type           Power        Failure   Level  Hunger
a - Pain                  Necr           ##..         3%          1    N/A
b - Animate Skeleton      Necr           N/A          3%          1    N/A

Dungeon Overview and Level Annotations

Branches:
Dungeon (2/15)

Altars:
Ashenzari
Makhleb
Xom


Innate Abilities, Weirdness & Mutations

You do not eat or drink.
Your flesh is vulnerable to fire.
You are immune to poison.
Your flesh is cold resistant. (rC+)
You are immune to negative energy. (rN+++)
You are immune to unholy pain and torment.
You can survive without breathing.


Message History

The adder is almost dead.
The adder bites you.
You closely miss the adder.
The adder is almost dead.
The adder closely misses you.
You barely miss the adder.
The adder is almost dead.
The adder bites you. x2
* * * LOW HITPOINT WARNING * * *
Casting: Pain
Confirm with . or Enter, or press ? or * to list all spells.
You don't know that spell.
The adder bites you.
* * * LOW HITPOINT WARNING * * *
The adder barely misses you.
You see here a viscous brown potion.
The adder barely misses you.
There is a stone staircase leading down here.
The adder bites you.
You die...

########### #.........#
##############.........#
##..............@S......##
...############.......!..#
#### ##########.########
#.......!# #........#
##.......# #.)....%#
#...(...# #.......#


You could see an adder.

Vanquished Creatures
  A dart slug (D:2)
  A leopard gecko (D:1)
  A giant cockroach (D:2)
  2 goblins
  2 hobgoblins (D:1)
  4 bats
  A frilled lizard (D:1)
  5 kobolds (D:1)
  2 rats
19 creatures vanquished.

Vanquished Creatures (collateral kills)
  A ball python (D:1)
  A bat (D:2)
  A frilled lizard (D:1)
  A rat (D:1)
4 creatures vanquished.

Grand Total: 23 creatures vanquished

Notes
Turn   | Place    | Note
-------+----------+-------------------------------------------
     0 | D:1      | Kohma the Mummy Necromancer began the quest for the Orb.
     0 | D:1      | Reached XP level 1. HP: 13/13 MP: 4/4
    14 | D:1      | Learned a level 1 spell: Animate Skeleton
   364 | D:1      | Reached XP level 2. HP: 19/19 MP: 1/5
  1455 | D:2      | Found a shattered altar of Ashenzari.
  1455 | D:2      | Found a shimmering altar of Xom.
  1456 | D:2      | Found a burning altar of Makhleb.
  1530 | D:2      | Slain by an adder

Skill      XL: |  1  2 |
---------------+-------+-----
Spellcasting   | 3 |  3.1
Stealth        | 2 |  2.0
Dodging        | |  1.9
Necromancy     | |  4.2

Action                   || total
-------------------------++-------
Melee: Unarmed           ||    16
       Dagger            ||    26
 Cast: Pain              ||    39
       Animate Skeleton  ||    10
Armor: Robe              ||    21
Dodge: Dodged            ||    52
